Map: King's Cove LE

Players

TSGSolar (Solar) - Winner!

  • Race: Zerg Zerg
  • League: Diamond
  • Spawn Location: 11:00

liquidthermy (uThermal)

  • Race: Terran Terran
  • League: Grandmaster
  • Spawn Location: 5:00

Event: 2019 Assembly Summer

VOD

Have the link to the VOD?

Description

Time

  • Played on: Aug. 1, 2019, 11 a.m.
  • Length: 14:01

All games in this series

Show
View Real Time Build Order
Export as new Build Order

TSGSolar Zerg - Winner!

Build Orders: Hatch First, Muta Ling Bane, Swarm Host 

Get SALT Encoding   

  12  0:01  Drone  
  13  0:13  Overlord  
  13  0:17  Drone  
  14  0:32  Drone x2  
  16  0:50  Hatchery  
  16  0:53  Drone  
  16  0:56  Drone  
  17  0:59  Drone  
  18  1:10  Extractor  
  17  1:15  Spawning Pool  
  16  1:18  Drone  
  16  1:23  Drone  
  18  1:29  Drone  
  19  1:40  Drone  
  20  1:50  Hatchery  
  20  1:53  Drone  
  20  2:02  Queen  
  20  2:05  Zergling x2  
  23  2:09  Zergling x2  
  24  2:18  Queen  
  26  2:33  Overlord  
  26  2:34  Drone x2  
  26  2:35  Spore Crawler  
  27  2:37  Metabolic Boost  
  28  2:51  Drone, Queen  
  30  2:53  Drone  
  32  2:59  Drone x2  
  32  3:01  Drone  
  36  3:05  Drone  
  36  3:11  Queen  
  38  3:14  Overlord  
  38  3:18  Drone  
  38  3:19  Drone  
  40  3:22  Drone  
  40  3:24  Drone  
  42  3:27  Overlord  
  42  3:32  Queen  
  44  3:35  Drone  
  44  3:38  Drone  
  44  3:39  Drone  
  47  3:44  Drone x2  
  47  3:47  Drone x2  
  51  3:50  Zergling x4  
  51  3:52  Overlord  
  53  3:56  Overlord  
  53  4:00  Drone x2  
  53  4:02  Drone  
  56  4:06  Zergling x4  
  56  4:10  Queen  
  56  4:15  Drone x3  
  61  4:17  Overlord  
  61  4:19  Zergling x2  
  61  4:20  Drone  
  61  4:22  Drone  
  64  4:25  Drone  
  64  4:29  Lair  
  65  4:31  Baneling Nest  
  65  4:35  Drone x2  
  65  4:36  Drone  
  65  4:37  Extractor x2  
  65  4:38  Drone  
  66  4:39  Zergling x2  
  66  4:41  Zergling x2  
  66  4:43  Drone  
  66  4:45  Drone x2  
  71  4:46  Spore Crawler  
  71  4:48  Drone  
  71  4:50  Spore Crawler  
  69  4:53  Queen  
  69  4:57  Drone x2  
  73  5:00  Overlord  
  73  5:09  Overlord  
  73  5:15  Overlord  
  73  5:16  Drone  
  73  5:19  Drone  
  73  5:20  Drone x7  
  82  5:24  Overlord  
  82  5:28  Overseer  
  82  5:29  Drone x2  
  82  5:30  Drone, Spire  
  82  5:33  Extractor  
  82  5:34  Drone x2  
  82  5:35  Extractor  
  84  5:38  Zergling x2  
  84  5:39  Zergling x4  
  84  5:42  Drone x3  
  90  5:45  Spore Crawler  
  89  5:51  Baneling  
  89  5:53  Zergling x10  
  86  6:03  Drone x3  
  83  6:04  Drone x2  
  83  6:09  Drone x3  
  87  6:15  Overlord, Extractor  
  87  6:16  Drone x3  
  87  6:17  Drone  
  90  6:20  Drone  
  90  6:24  Overlord  
  91  6:27  Overlord x2  
  91  6:28  Evolution Chamber  
  89  6:34  Evolution Chamber  
  89  6:35  Overlord  
  88  6:41  Zergling x4  
  90  6:49  Mutalisk x7  
  104  6:55  Zergling x8  
  104  6:58  Centrifical Hooks  
  108  7:05  Drone x2  
  110  7:09  Hatchery  
  110  7:13  Zergling x16  
  110  7:14  Baneling x2  
  117  7:19  Roach Warren  
  117  7:20  Drone, Zerg Melee Weapons Level 1, Zerg Missile Weapons Level 1  
  117  7:22  Baneling  
  117  7:23  Baneling x2  
  117  7:24  Zergling x2  
  117  7:28  Zergling x6  
  116  7:31  Zergling x6  
  117  7:37  Overlord  
  117  7:39  Overlord  
  117  7:40  Zergling x6  
  117  7:41  Zergling x4  
  117  7:44  Zergling x4  
  106  7:47  Zergling x6  
  100  7:53  Drone x3  
  101  7:59  Glial Reconstitution  
  101  8:00  Drone  
  101  8:08  Mutalisk x4  
  103  8:13  Infestation Pit  
  103  8:14  Drone, Overlord  
  103  8:16  Drone  
  103  8:18  Drone  
  105  8:21  Drone x2  
  105  8:23  Drone x2  
  105  8:24  Drone  
  109  8:30  Roach x3  
  109  8:34  Roach x2  
  118  8:35  Roach  
  118  8:40  Zergling x10  
  121  8:42  Drone  
  121  8:43  Drone  
  121  8:44  Drone  
  121  8:45  Drone  
  121  8:47  Drone  
  121  8:48  Drone  
  120  8:53  Queen  
  120  8:55  Drone x2  
  122  9:07  Overlord  
  122  9:11  Roach x3  
  122  9:12  Roach, Extractor  
  122  9:14  Swarm Host x5, Extractor  
  143  9:18  Zerg Missile Weapons Level 2  
  143  9:21  Zerg Ground Armor Level 1  
  143  9:22  Swarm Host  
  146  9:26  Swarm Host x2  
  146  9:31  Nydus Network  
  149  9:33  Swarm Host x3  
  149  9:36  Overlord  
  149  9:38  Overlord  
  158  9:42  Swarm Host x2  
  164  9:47  Overlord  
  164  9:49  Swarm Host  
  167  9:54  Overlord  
  167  9:55  Swarm Host  
  167  9:57  Roach x4  
  177  10:01  Roach x2  
  177  10:04  Roach x2  
  177  10:06  Roach x2  
  187  10:08  Overlord  
  187  10:12  Ravager x3  
  187  10:13  Overlord, Ravager  
  191  10:16  Overlord  
  191  10:17  Overlord  
  191  10:20  Ravager  
  191  10:21  Roach x3  
  198  10:24  Roach x2  
  198  10:27  Roach x2  
  191  10:32  Roach x3  
  191  10:34  Roach, Zergling x2  
  186  10:36  Roach  
  186  10:37  Roach  
  186  10:41  Roach x2  
  177  10:43  Roach  
  177  10:44  Roach  
  177  10:48  Roach x3  
  185  10:50  Nydus Canal  
  185  10:51  Roach  
  185  10:54  Roach x2  
  185  10:56  Roach  
  184  10:59  Roach x3  
  184  11:02  Roach  
  184  11:04  Roach x2  
  187  11:07  Roach x2  
  183  11:16  Roach x3  
  189  11:18  Queen x2  
  189  11:21  Queen  
  189  11:24  Roach x2  
  199  11:29  Nydus Canal  
  199  11:31  Roach  
  199  11:36  Ravager  
  199  11:46  Overseer  
  186  11:49  Zergling x26  
  186  11:50  Overseer  
  192  11:57  Ravager x5  
  192  11:58  Ravager  
  198  12:08  Hive  
  198  12:20  Baneling x2  
  198  12:21  Baneling x9  
  198  12:22  Hatchery  
  191  12:25  Drone x3  
  191  12:26  Drone x8  
  191  12:28  Nydus Canal  
  191  12:29  Drone x2  
  200  12:38  Zergling x2  
  200  12:39  Zergling x4  
  200  12:42  Zergling x2  
  200  12:43  Zergling x6  
  200  12:46  Spore Crawler  
  200  12:50  Nydus Canal  
  195  12:54  Zergling x10  
  195  12:57  Ravager  
  200  13:02  Baneling x8  
  200  13:19  Zergling x24  
  182  13:28  Ravager x5  
  182  13:30  Baneling x2  
  182  13:31  Zergling x8  
  185  13:36  Nydus Canal  
  185  13:37  Zergling x8  
  183  13:41  Baneling  
  183  13:42  Baneling x14  
Show
View Real Time Build Order
Export as new Build Order

liquidthermy Terran 

Build Orders: Hellion Opening, Reaper Expand, Mech 

Get SALT Encoding   

  12  0:02  SCV  
  14  0:14  SCV  
  14  0:17  Supply Depot  
  14  0:26  SCV  
  15  0:39  SCV  
  15  0:40  Barracks  
  16  0:45  Refinery  
  16  0:51  SCV  
  17  1:03  SCV  
  18  1:15  SCV  
  19  1:27  Reaper  
  19  1:28  Orbital Command  
  20  1:42  Command Center  
  20  1:53  Supply Depot  
  20  1:55  SCV  
  20  1:59  Marine  
  22  2:07  SCV  
  23  2:11  Factory  
  23  2:18  Refinery  
  23  2:19  SCV  
  24  2:22  Barracks Reactor  
  24  2:31  SCV  
  25  2:43  SCV  
  26  2:56  Orbital Command  
  26  2:57  Starport  
  26  3:00  SCV  
  26  3:03  Hellion x2  
  31  3:07  Barracks Tech Lab  
  31  3:12  SCV  
  32  3:21  Supply Depot  
  32  3:22  SCV  
  32  3:24  Hellion, SCV  
  36  3:27  Hellion  
  38  3:34  SCV  
  38  3:36  SCV  
  38  3:38  Fusion Core  
  40  3:46  Hellion  
  40  3:47  SCV  
  43  3:49  Hellion, SCV  
  46  3:56  Supply Depot, Marine  
  46  3:59  SCV  
  46  4:01  SCV  
  49  4:20  SCV  
  49  4:22  Command Center  
  50  4:27  Supply Depot  
  50  4:28  Barracks Tech Lab  
  51  4:32  SCV  
  51  4:36  Battlecruiser  
  58  4:38  SCV  
  58  4:42  Refinery  
  58  4:43  Refinery  
  58  4:48  SCV  
  59  4:54  SCV  
  59  4:58  Armory  
  58  5:00  SCV  
  58  5:06  SCV  
  60  5:11  Supply Depot  
  60  5:12  SCV  
  61  5:16  Hellion x2  
  61  5:17  Factory  
  61  5:19  Factory  
  65  5:22  SCV  
  65  5:24  SCV  
  67  5:35  Orbital Command, SCV  
  68  5:36  SCV  
  68  5:38  Hellion x2  
  73  5:47  SCV  
  73  5:48  Terran Vehicle And Ship Armor Level 1  
  73  5:49  SCV  
  75  5:50  Starport Reactor  
  75  5:59  SCV  
  75  6:00  Hellion  
  75  6:01  Hellion  
  76  6:07  SCV  
  76  6:08  Orbital Command  
  76  6:11  Thor x2, SCV  
  78  6:16  Supply Depot  
  90  6:20  SCV  
  90  6:24  Hellion x2  
  95  6:27  SCV  
  95  6:28  Medivac  
  95  6:30  Medivac  
  95  6:31  Supply Depot  
  95  6:32  SCV  
  101  6:37  SCV  
  101  6:39  SCV  
  103  6:44  SCV  
  102  6:47  Hellion x2  
  102  6:50  SCV  
  102  6:51  SCV  
  108  6:54  Refinery  
  108  6:55  Refinery  
  108  6:56  SCV  
  109  7:02  SCV  
  109  7:05  Factory x2, Siege Tank  
  109  7:06  Siege Tank  
  116  7:10  SCV  
  116  7:15  Supply Depot x2  
  124  7:37  Hellion x2, SCV x3  
  124  7:40  Hellion  
  111  7:45  Terran Vehicle Weapons Level 1  
  111  7:47  Engineering Bay  
  111  7:49  SCV x3  
  111  7:50  Factory Reactor, Factory Tech Lab  
  107  7:57  Viking  
  107  7:58  Viking  
  104  8:01  Siege Tank, SCV  
  108  8:11  Thor  
  114  8:16  Thor, Missile Turret x3  
  111  8:30  Hellion x4  
  111  8:34  Siege Tank  
  107  8:51  Hellion x3  
  107  8:54  Siege Tank  
  107  8:55  Hellion  
  116  8:59  Siege Tank  
  116  9:02  Missile Turret  
  119  9:04  Medivac  
  119  9:06  Siege Tank  
  119  9:08  Medivac  
  126  9:12  Supply Depot  
  126  9:14  Hellion  
  128  9:18  Infernal Pre-Igniter  
  128  9:19  Supply Depot  
  128  9:21  Hellion  
  128  9:23  Hellion  
  132  9:29  Smart Servos  
  132  9:30  Supply Depot x2  
  132  9:34  Hellion, Siege Tank  
  132  9:36  Siege Tank  
  140  9:41  Supply Depot, Hellion  
  140  9:43  Supply Depot, Hellion  
  142  9:46  Hellion  
  142  9:47  Siege Tank  
  143  9:55  Supply Depot  
  143  9:56  Hellion  
  141  10:02  Hellion  
  141  10:04  Medivac x2  
  141  10:05  Hellion  
  152  10:08  Thor  
  153  10:21  Thor  
  146  10:29  Hellion  
  146  10:32  Siege Tank  
  146  10:33  Hellion  
  146  10:35  Hellion x2  
  138  10:44  Refinery  
  138  10:50  Hellion  
  138  10:51  Hellion  
  138  10:54  Hellion  
  138  10:57  Hellion x2  
  148  11:04  Siege Tank  
  148  11:05  Hellion  
  147  11:12  Hellion, Siege Tank  
  147  11:15  Hellion  
  147  11:18  Hellion x2  
  152  11:26  Hellion  
  154  11:33  Hellion  
  154  11:36  Hellion  
  154  11:37  Hellion  
  154  11:39  Hellion  
  160  11:44  Hellion, Siege Tank  
  156  11:47  Siege Tank  
  157  11:54  Hellion  
  157  11:57  Siege Tank  
  157  11:58  Hellion  
  164  12:04  Orbital Command  
  164  12:10  Hellion  
  164  12:18  Supply Depot  
  164  12:19  Siege Tank x2  
  164  12:21  Hellion  
  172  12:40  Hellion x2, Siege Tank  
  172  12:44  Hellion  
  175  12:51  Siege Tank  
  175  12:55  Hellion  
  174  13:01  Hellion x2  
  178  13:12  Supply Depot  
  178  13:17  Siege Tank  
  178  13:19  Hellion, Siege Tank  
  159  13:21  Hellion  
  159  13:25  Hellion  
  151  13:31  Hellion  
  146  13:37  Hellion  
Tags
 
Add a new tag
Caveats
  • Supply blocks, unpowered buildings, or Contaminate may cause inaccurate times.
  • Supply counts are checked every 10 seconds.